cohdb
Replays
Latest Replays
All Replays
Popular Replays
Top Player Replays
Match Explorer
How It Works
Community
CoH3 Stats
Reddit
Sign in to upload your games and track your stats! →
Sign in with Steam
Match 41197744
Unlisted
Match 41197744
Overview
Messages
Build Orders
End
Panzerpioneer Squad
Panzerpioneer Squad
Selects Armored Support Battlegroup
250 Light Carrier
Panzerpioneer Squad
Construct Light Support Kompanie
Fire Support Elements
Pak 38 Anti-tank Gun Team
2.5-tonne Medical Truck
Pak 38 Mechanized Group
Combat Half-tracks
Forward Retreat Point
Selects Veteran Gunners
Construct Panzerarmee Kommand
Flakvierling Half-track
UH|dun! ツ
UH|ck
UH|XTC
insane
Gunz
Aim187x
maro
SuperJozzef
0
0
Comments
sign in to comment!
No comments posted yet!